 Dungeon Crawl Stone Soup version 0.25.1-2-g60ff931df9 (webtiles) character file.

Game seed: 4675982870402199742

9455 Chimkentus the Covert (level 11, -5/78 HPs)
             Began as an Octopode Assassin on Aug 12, 2020.
             Was the Champion of Ru.
             Slain by a yak (10 damage)
             ... while paralysed by Rupert
             ... on level 14 of the Dungeon.
             The game lasted 01:17:00 (12505 turns).

Chimkentus the Covert (Octopode Assassin)          Turns: 12505, Time: 01:17:01

Health: -5/78      AC:  1    Str: 15    XL:     11   Next: 46%
Magic:  6/11       EV:  2    Int: 13    God:    Ru [******]
Gold:   729        SH:  0    Dex: 13    Spells: 5/10 levels left

rFire    x . .     SeeInvis .   c - +11 plutonium sword {*Contam Stlth-}
rCold    x . .     Gourm    .   (shield currently unavailable)
rNeg     . . .     Faith    .   (helmet restricted)
rPois    .         Spirit   .   (no amulet)
rElec    .         Reflect  .   (no ring)
rCorr    .         Harm     .   (no ring)
MR       .....                  (no ring)
Stlth    +++++.....             (no ring)
HPRegen  0.23/turn              (no ring)
MPRegen  0.12/turn              (no ring)
                                (no ring)
                                (no ring)

@: paralysed, exhausted, no potions
A: almost no armour, stealthy swim, amphibious, 8 rings, constrict 8, camouflage
1, gelatinous body 1, inability to drink while threatened, inexperienced 1,
temperature sensitive
a: Draw Out Power, Power Leap, Apocalypse, Renounce Religion


You were on level 14 of the Dungeon.
You worshipped Ru.
Ru was exalted by your worship.
You were not hungry.

You visited 2 branches of the dungeon, and saw 13 of its levels.
You also visited: Ossuary and Bailey.

You collected 1149 gold pieces.
You spent 420 gold pieces at shops.

Inventory:

Hand Weapons
 a - a +2 dagger
 c - the +11 plutonium sword (weapon) {*Contam Stlth-}
   (You took it off an orc on level 4 of the Dungeon)

   It causes magical contamination when unequipped.
   It makes you less stealthy.
 e - a +0 hand axe
 k - the +6 hand axe of the Desolation of Salt {protect, rN+ Dex+6}
   (You found it on level 10 of the Dungeon)

   It grants its wielder temporary protection when it strikes (+7 to AC).
   It affects your dexterity (+6).
   It protects you from negative energy.
 o - a +0 hunting sling
 t - a cursed -3 mace
Missiles
 b - 22 poisoned darts
 i - 244 stones
 s - 101 bolts
 u - 50 boomerangs (quivered)
 x - 71 sling bullets
 H - 250 arrows
 O - a curare-tipped dart
 S - a throwing net
Jewellery
 n - a cursed amulet of inaccuracy {unknown}
Wands
 m - a wand of random effects (15)
 r - a wand of digging (18)
 C - a wand of enslavement (10)
 D - a wand of flame (33)
 J - a wand of acid (10)
 K - a wand of iceblast (4)
 L - a wand of polymorph (14)
 N - a wand of clouds (13)
 Y - a wand of paralysis (10)
Scrolls
 f - a scroll of random uselessness {unknown}
 g - 5 scrolls of remove curse
 h - a scroll of identify
 l - 2 scrolls of enchant armour
 p - 3 scrolls of fog
 v - 2 scrolls of fear {unknown}
 y - 2 scrolls of amnesia {unknown}
 A - 3 scrolls of teleportation
 F - a scroll of enchant weapon {unknown}
 G - 3 scrolls of blinking {unknown}
 I - a scroll of immolation {unknown}
 R - 3 scrolls of noise {unknown}
 U - a scroll of summoning {unknown}
 Z - a scroll of holy word {unknown}
Potions
 w - 6 potions of flight
 E - 2 potions of might
 M - a potion of haste
 Q - a potion of magic
 T - a potion of lignification {unknown}
 V - a potion of stabbing
 W - a potion of brilliance {unknown}
 X - 2 potions of curing
Miscellaneous
 j - a tin of tremorstones (3/3)
Comestibles
 d - 19 rations
 q - 7 chunks of flesh


   Skills:
 * Level 8.6 Fighting
 + Level 3.9(7.7) Short Blades
 + Level 10.3(10.6) Long Blades
 + Level 6.9 Throwing
 * Level 8.2 Dodging
 + Level 11.5 Stealth
 * Level 0.5 Charms
 * Level 0.4 Summonings
 + Level 0.5 Evocations


You had 5 spell levels left.
You knew the following spells:

 Your Spells              Type           Power        Failure   Level  Hunger
a - Shroud of Golubria    Chrm/Tloc      #.....       38%         2    ###....
b - Summon Small Mammal   Summ           #...         26%         1    ##.....
c - Song of Slaying       Chrm           #.......     36%         2    ###....

Your spell library contained the following spells:

 Spells                   Type           Power        Failure   Level  Hunger
 Infusion                 Chrm           #...         26%         1    ##.....
 Call Imp                 Summ           #.......     36%         2    ###....
 Call Canine Familiar     Summ           #.......     61%         3    ####...
 Ozocubu's Armour         Chrm/Ice       #.......     63%         3    ####...
 Spectral Weapon          Hex/Chrm       #.......     63%         3    ####...
 Summon Guardian Golem    Hex/Summ       #.......     65%         3    ####...
 Summon Ice Beast         Ice/Summ       #.......     96%         4    #####..
 Summon Lightning Spire   Summ/Air       #.......     96%         4    #####..
 Bolt of Magma            Conj/Fire/Erth #.........   100%        5    ######.
 Iskenderun's Battlesphe  Conj/Chrm      #.......     100%        5    ######.
 Iron Shot                Conj/Erth      #.........   100%        6    #######
 Orb of Destruction       Conj           #.........   100%        7    #######
 Spellforged Servitor     Conj/Summ      #.........   100%        7    #######


Dungeon Overview and Level Annotations

Branches:
Dungeon (14/15)            Temple (1/1) D:4             Orc (0/2) D:9
Ossuary (visited)          Bailey (visited)
   Lair: D:8-11      Vaults: D:13-14

Altars:
Ashenzari
Cheibriados
Dithmenos
Elyvilon
Fedhas
Gozag
Hepliaklqana
Kikubaaqudgha
Makhleb
Nemelex Xobeh
Okawaru
Qazlal
Ru
Sif Muna
Trog
Uskayaw
Vehumet
Wu Jian
Xom
Yredelemnul
Zin
The Shining One

Shops:
D:13 :

Annotations:
D:13 Azrael
D:14 Jorgrun, Roxanne, Rupert


Innate Abilities, Weirdness & Mutations

You cannot wear most types of armour.
You are very stealthy in the water. (Stealth+)
You are amphibious.
You can wear up to eight rings at the same time.
You can use your tentacles to constrict eight enemies at once.
Your skin changes colour to match your surroundings (Stealth+).
Your rubbery body absorbs attacks. (AC +1, EV +1)
You cannot drink potions while threatened.
You are somewhat inexperienced. (-2 XL)
You are sensitive to extremes of temperature. (rF-, rC-)


Message History

You slice Jorgrun!! Your grab misses Jorgrun.
Jorgrun is heavily wounded.
A shadow imp comes into view.
Jorgrun begins to cast a spell, but is stunned by your will!
You barely miss Jorgrun.
The shadow imp shouts!
You grab Jorgrun. You squeeze Jorgrun!
Jorgrun is heavily wounded.
You constrict Jorgrun.
Jorgrun hits you with an uncursed staff of earth!
* * * LOW HITPOINT WARNING * * *
Jorgrun crushes you.
* * * LOW HITPOINT WARNING * * *
You focus your will and blind Jorgrun in retribution!
Rupert yells loudly at you.
You suddenly lose the ability to move!
You lose your grip on Jorgrun.
The yak gores you!
* * * LOW HITPOINT WARNING * * *
The yak gores you!
You die...

#......8.. .
#.#..#...........
##...#... .....5.
##.......##.......
...........O..@..
#...........#
#...<.......#
#........g.....#
.........Y@...#
.####.##.Y...##
#.......##
......YY.#
.........#
....#.....#
##.##..... #
##..##


You could see Rupert, Jorgrun (blind), 4 yaks, an ogre and a shadow imp.

Vanquished Creatures
  Fannar (D:10)
  Erica (D:8)
  An unseen horror (D:10)
  A deep elf mage (D:13)
  The ghost of Venard the Poker, a novice MfSk of Okawaru (D:5)
  Joseph (D:10)
  Grinder (D:5)
  2 hippogriffs (D:10)
  11 yaks
  2 wraiths (Ossuary)
  A wyvern (D:9)
  Sigmund (D:5)
  A human (D:7)
  3 hogs (D:7)
  2 hungry ghosts
  An acid dragon (D:13)
  A water moccasin (D:8)
  10 orc warriors
  2 sky beasts (D:6)
  3 ice beasts
  2 necrophages (D:8)
  7 ogres
  An eye of draining (D:10)
  A phantom (D:4)
  5 centaurs
  3 bullfrogs
  6 scorpions
  6 killer bees
  13 wights
  4 howler monkeys
  3 crimson imps
  A centaur zombie (D:7)
  3 hounds
  A jelly (D:13)
  6 orc priests
  A bullfrog skeleton (D:4)
  2 centaur skeletons
  Jessica (D:2)
  An iguana (D:6)
  Ijyb (D:4)
  15 orc wizards
  10 worker ants
  2 hound skeletons
  A worker ant zombie (D:10)
  A gnoll (Bailey)
  A howler monkey skeleton (D:4)
  11 adders
  2 shadow imps
  2 white imps (D:9)
  2 ufetubi (D:9)
  3 oozes
  4 adder zombies
  An adder skeleton (D:5)
  5 worms
  A dart slug (D:2)
  An adder simulacrum (D:9)
  2 leopard geckos
  69 orcs
  3 ball pythons
  11 giant cockroaches
  10 goblins
  7 hobgoblins
  11 jackals
  2 quokkas
  A ball python skeleton (Ossuary)
  7 bats
  6 frilled lizards
  5 hobgoblin skeletons (Ossuary)
  A hobgoblin zombie (Ossuary)
  A jackal skeleton (D:5)
  19 kobolds
  A kobold zombie (Ossuary)
  2 leopard gecko zombies
  7 rats
342 creatures vanquished.

Vanquished Creatures (others)
  A yak (D:10)
  An orc warrior (D:9)
2 creatures vanquished.

Grand Total: 344 creatures vanquished

Notes
Turn   | Place    | Note
-------+----------+-------------------------------------------
     0 | D:1      | Chimkentus the Octopode Assassin began the quest for the
                  | Orb.
     0 | D:1      | Reached XP level 1. HP: 14/14 MP: 1/1
    76 | D:1      | Reached XP level 2. HP: 13/19 MP: 2/2
   624 | D:1      | Reached skill level 6 in Stealth
   624 | D:1      | Reached XP level 3. HP: 25/25 MP: 3/3
  1060 | D:2      | Noticed Jessica
  1066 | D:2      | Killed Jessica
  1066 | D:2      | Reached XP level 4. HP: 30/30 MP: 4/4
  1894 | D:3      | Reached XP level 5. HP: 36/36 MP: 5/5
  2389 | D:3      | Reached skill level 7 in Stealth
  2567 | D:4      | Reached XP level 6. HP: 42/42 MP: 6/6
  2586 | D:4      | Noticed Ijyb
  2589 | D:4      | Killed Ijyb
  2707 | D:4      | Noticed a phantom
  2718 | D:4      | Killed a phantom
  2893 | D:4      | Reached skill level 8 in Stealth
  2939 | D:4      | Reached XP level 7. HP: 46/46 MP: 7/7
  3048 | D:4      | Found a staircase to the Ecumenical Temple.
  3061 | Temple   | Entered the Ecumenical Temple
  3363 | Temple   | Became a worshipper of Ru the Awakened
  3647 | D:5      | Entered Level 5 of the Dungeon
  3654 | D:5      | Noticed Grinder
  3659 | D:5      | Paralysed by Grinder for 6 turns
  3670 | D:5      | Killed Grinder
  3670 | D:5      | Reached skill level 9 in Stealth
  3682 | D:5      | Noticed Sigmund
  4065 | D:5      | Reached XP level 8. HP: 54/54 MP: 8/8
  4302 | D:5      | Reached skill level 1 in Long Blades
  4408 | D:5      | Found a hazy altar of Hepliaklqana.
  4617 | D:5      | Killed Sigmund
  4982 | D:5      | Found a runed translucent gate.
  4982 | D:5      | Found a runed translucent gate.
  4982 | D:5      | Found a runed translucent gate.
  4984 | D:5      | Noticed Venard's ghost (novice MfSk)
  5001 | D:5      | Killed Venard's ghost
  5001 | D:5      | Reached skill level 5 in Fighting
  5001 | D:5      | Reached XP level 9. HP: 50/61 MP: 9/9
  5175 | D:6      | Gained mutation: You are sensitive to extremes of
                  | temperature. (rF-, rC-) [Ru sacrifice]
  5175 | D:6      | Reached * piety under Ru
  5175 | D:6      | Reached ** piety under Ru
  5175 | D:6      | Reached *** piety under Ru
  5195 | D:6      | Found a sand-covered staircase.
  5203 | Ossuary  | Entered an ossuary
  5552 | Ossuary  | Reached skill level 5 in Long Blades
  5889 | Ossuary  | Reached skill level 10 in Stealth
  5965 | D:6      | Reached skill level 5 in Dodging
  6779 | D:7      | Found a sparkling altar of Nemelex Xobeh.
  6996 | D:7      | Reached XP level 10. HP: 69/69 MP: 10/10
  7774 | D:8      | Noticed Erica
  7862 | D:8      | Reached skill level 5 in Throwing
  7882 | D:8      | Gained mutation: You are somewhat inexperienced. (-2 XL)
                  | [Ru sacrifice]
  7882 | D:8      | Reached XP level 9. HP: 63/63 MP: 9/9
  7882 | D:8      | Reached XP level 8. HP: 58/58 MP: 8/8
  7882 | D:8      | Reached **** piety under Ru
  7882 | D:8      | Reached ***** piety under Ru
  8093 | D:8      | Found a blossoming altar of Fedhas.
  8116 | D:8      | Killed Erica
  8116 | D:8      | Reached XP level 9. HP: 64/64 MP: 9/9
  8916 | D:9      | Reached skill level 11 in Stealth
  9341 | D:9      | Found a staircase to the Orcish Mines.
  9445 | D:9      | Found a sparkling altar of Nemelex Xobeh.
  9552 | D:9      | Reached XP level 10. HP: 56/71 MP: 10/10
 10458 | D:9      | Gained mutation: You cannot drink potions while threatened.
                  | [Ru sacrifice]
 10458 | D:9      | Reached ****** piety under Ru
 10460 | D:10     | Entered Level 10 of the Dungeon
 10556 | D:10     | Noticed Joseph
 10558 | D:10     | Found a flagged portal.
 10568 | Bailey   | Entered a bailey
 11388 | D:10     | Killed Joseph
 11388 | D:10     | Reached XP level 11. HP: 33/77 MP: 5/11
 11416 | D:10     | Noticed Fannar
 11434 | D:10     | Killed Fannar
 11846 | D:10     | Got a translucent hand axe
 12008 | D:10     | Reached skill level 10 in Long Blades
 12101 | D:10     | Identified the +6 hand axe of the Desolation of Salt
                  | {protect, rN+ Dex+6} (You found it on level 10 of the
                  | Dungeon)
 12147 | D:10     | Noticed an unseen horror
 12148 | D:10     | Killed an unseen horror
 12367 | D:10     | You fall into a shaft and drop 3 floors!
 12412 | D:13     | Found Vyamum's Book Boutique.
 12422 | D:13     | Bought a book of Callings for 420 gold pieces
 12423 | D:13     | Noticed a deep elf mage
 12425 | D:13     | Learned a level 2 spell: Shroud of Golubria
 12432 | D:13     | Learned a level 1 spell: Summon Small Mammal
 12435 | D:13     | Learned a level 2 spell: Song of Slaying
 12439 | D:13     | Killed a deep elf mage
 12490 | D:13     | Noticed Azrael
 12499 | D:13     | Noticed a tengu warrior
 12501 | D:14     | Noticed Jorgrun
 12501 | D:14     | Identified Roxanne's Compendium of Transmigration
 12501 | D:14     | Noticed Roxanne
 12502 | D:14     | Noticed Rupert
 12504 | D:14     | Paralysed by Rupert for 5 turns
 12505 | D:14     | Slain by a yak

Illustrated notes

Levels and vault maps discovered:
D:1:      giann_bridges, layout_basic, serial_glass, glass_columns_a,
          glass_columns_a
D:2:      layout_loops_ring, uniq_jessica
D:3:      layout_loops_ring, minmay_divided_ellipse
D:4:      layout_loops_ring, minmay_temple_entry_antechambers,
          chequers_mini_garden, grunt_decor_mini_mirrors, uniq_ijyb
D:5:      layout_loops_ring, old_standard_altar, ebering_ghost_rock_garden,
          first_ration, uniq_grinder, uniq_sigmund
D:6:      layout_basic, chequers_ossuary_entry_cave
D:7:      layout_basic, basic_altar, grunt_livestock
D:8:      layout_cave_pools, serial_undead, serial_undead_f, serial_undead_d,
          serial_undead_e, serial_undead_a, fedhas_ov_isle_minmay, uniq_erica
D:9:      layout_irregular_city, hiddenorc2_lemuel, serial_ice, serial_ice_d,
          serial_ice_m, serial_ice_b, serial_ice_g, nemelex_dance_club_becter
D:10:     layout_roguey, serial_shops, nicolae_shop_window_shopping,
          enter_bailey_2, hex_medium, uniq_joseph, uniq_fannar
D:13:     layout_cave_pools, serial_shops, shop_fountains, minmay_three_doors,
          uniq_azrael
D:14:     layout_cave_pools, grunt_vaults_entry_fortified, basic_altar,
          portal_ice_cave_entry_ice_beasts, trog_wizard, uniq_rupert,
          uniq_jorgrun, uniq_louise, uniq_josephine, uniq_roxanne, uniq_frances
Temple:   regret_index_temple_sigil_plot

Skill      XL: |  1  2  3  4  5  6  7  8  9 10 11 |
---------------+----------------------------------+-----
Stealth        | 6 7 8 9 11 | 11.5
Dodging        | 2 3 4 5 7 8 |  8.2
Fighting       | 3 4 7 6 8 |  8.6
Short Blades   | 3 |  3.9
Throwing       | 3 4 6 |  6.9
Long Blades    | 8 7 9 10 | 10.3
Charms         | |  0.5
Summonings     | |  0.4
Evocations     | |  0.5

Action                   |  1- 3 |  4- 6 |  7- 9 | 10-12 || total
-------------------------+-------+-------+-------+-------++-------
Melee: Dagger            |    38 |   103 |     7 |       ||   148
       Constrict         |     7 |    22 |    41 |    34 ||   104
       Tentacles         |     3 |    17 |    25 |    24 ||    69
       Triple sword      |       |       |   191 |   143 ||   334
Throw: Dart              |    20 |    30 |    26 |    23 ||    99
       Boomerang         |       |       |   100 |    63 ||   163
Invok: Sacrifice Experie |       |       |     1 |       ||     1
       Draw Out Power    |       |       |     2 |     3 ||     5
       Apocalypse        |       |       |     1 |       ||     1
       Sacrifice Resista |       |       |     1 |       ||     1
       Power Leap        |       |       |       |     5 ||     5
       Sacrifice Drink   |       |       |       |     1 ||     1
Evoke: Wand              |       |       |     4 |     7 ||    11
  Use: Scroll            |       |     3 |     8 |     5 ||    16
       Potion            |       |     1 |     6 |     3 ||    10
 Stab: Sleeping          |     8 |    28 |    25 |     3 ||    64
       Distracted        |       |       |     3 |     1 ||     4
       Invisible         |       |       |     3 |     3 ||     6
       Paralysed         |       |       |     1 |     1 ||     2
       Confused          |       |       |       |     2 ||     2
  Eat: Chunk             |       |     6 |    16 |    13 ||    35
       Ration            |       |       |     1 |       ||     1
Armor: Skin              |     1 |     5 |     5 |     7 ||    18
Dodge: Dodged            |    20 |    41 |   153 |   141 ||   355
       Rpst.: Triple sword |       |       |    43 |    38 ||    81
